Workbook
Name AbaDeprec: '5. Depreciação'!$A$1
Name AbaRemun: '6.Remuneração de capital'!$A$1

Sheet 1. Coleta Domiciliar
A7: COLETA DE LIXO SOLIDOS - INTERIOR E PRAIA
A9: VALORES OBTIDOS COM BASE NO MERCADO E CONSULTA À BASE DE DADOS DE OUTROS MUNICÍPIOS ( JANEIRO DE SETEMBRO DE 2025)
A10: VALORES DE MÃO DE OBRA BASEADO NOS ACORDOS COLETIVOS (2026)
A12: 1. Coleta de Resíduos Sólidos
A13: Planilha de Composição de Custos
A15: Orçamento Sintético
A16: Descrição do Item | E16: Custo (R$/mês) | F16: %
A17: =A54 -> 1. Mão-de-obra | E17: =+F145 -> 31332.033 | F17: =IFERROR(E17/$E$37,0) -> 0.41439036
A18: =A56 -> 1.1. Coletor Turno Dia | E18: =F68 -> 22955.671 | F18: =IFERROR(E18/$E$37,0) -> 0.3036065
A19: =A70 -> 1.2. Coletor Turno Noite | E19: =F87 -> 0 | F19: =IFERROR(E19/$E$37,0) -> 0
A20: =A89 -> 1.3. Motorista Turno do Dia | E20: =F102 -> 6216.102 | F20: =IFERROR(E20/$E$37,0) -> 0.082212755
A21: =A104 -> 1.4. Prêmio Assiduidade Coletores | E21: =F107 -> 160 | F21: =IFERROR(E21/$E$37,0) -> 0.0021161237
A22: =A109 -> 1.5. Vale Transporte | E22: =F115 -> 0 | F22: =IFERROR(E22/$E$37,0) -> 0
A23: =A117 -> 1.6. Vale-refeição (diário) | E23: =F123 -> 1721.643 | F23: =IFERROR(E23/$E$37,0) -> 0.02277006
A24: =A125 -> 1.7. Auxílio Alimentação (mensal) | E24: =F129 -> 0 | F24: =IFERROR(E24/$E$37,0) -> 0
A25: =A147 -> 2. Uniformes e Equipamentos de Proteção Individual | E25: =+F183 -> 1899.987 | F25: =IFERROR(E25/$E$37,0) -> 0.025128797
A26: =A185 -> 3. Veículos e Equipamentos | E26: =+F270 -> 26035.364 | F26: =IFERROR(E26/$E$37,0) -> 0.34433782
A27: =A187 -> 3.1. Veículo Coletor | E27: =SUM(E28:E33) -> 25839.063 | F27: =IFERROR(E27/$E$37,0) -> 0.34174159
A28: =A189 -> 3.1.1. Depreciação | E28: =F203 -> 2443.4148 | F28: =IFERROR(E28/$E$37,0) -> 0.032316049
A29: =A205 -> 3.1.2. Remuneração do Capital | E29: =F219 -> 6992.1405 | F29: =IFERROR(E29/$E$37,0) -> 0.092476464
A30: =A221 -> 3.1.3. Impostos e Seguros | E30: =F227 -> 1121.358 | F30: =IFERROR(E30/$E$37,0) -> 0.014830826
A31: =A229 -> 3.1.4. Consumos | E31: =F249 -> 11341.175 | F31: =IFERROR(E31/$E$37,0) -> 0.14999581
A32: =A251 -> 3.1.5. Manutenção | E32: =F254 -> 3500.88 | F32: =IFERROR(E32/$E$37,0) -> 0.046301844
A33: =A256 -> 3.1.6. Pneus | E33: =F263 -> 440.09511 | F33: =IFERROR(E33/$E$37,0) -> 0.005820598
A34: =A272 -> 4. Ferramentas e Materiais de Consumo | E34: =+F282 -> 50.55 | F34: =IFERROR(E34/$E$37,0) -> 0.00066856283
A35: =A284 -> 5. Monitoramento da Frota | E35: =+F293 -> 137.87033 | F35: =IFERROR(E35/$E$37,0) -> 0.0018234417
A36: =A297 -> 6. Benefícios e Despesas Indiretas - BDI | E36: =+F303 -> 16154.142 | F36: =IFERROR(E36/$E$37,0) -> 0.21365102
A37: PREÇO TOTAL MENSAL COM A COLETA | E37: =E17+E25+E26+E34+E35+E36 -> 75609.947 | F37: =F17+F25+F26+F34+F35+F36 -> 1
A40: Quantitativos
A41: Mão-de-obra | E41: Quantidade
A42: =+A56 -> 1.1. Coletor Turno Dia | E42: 2
A43: =+A70 -> 1.2. Coletor Turno Noite | E43: =C86 -> 0
A44: =+A89 -> 1.3. Motorista Turno do Dia | E44: 1
A45: =+A104 -> 1.4. Prêmio Assiduidade Coletores | E45: =C106 -> 2
A46: Total de mão-de-obra (postos de trabalho) | E46: =SUM(E42:E45) -> 5
A48: Veículos e Equipamentos | E48: Quantidade
A49: =+A187 -> 3.1. Veículo Coletor | E49: =C202 -> 1
A52: Fator de utilização (FU) | B52: 1.1
A54: 1. Mão-de-obra
A56: 1.1. Coletor Turno Dia
A57: Discriminação | B57: Unidade | C57: Quantidade | D57: Custo unitário | E57: Subtotal | F57: Total (R$)
A58: Piso da categoria | B58: mês | C58: 2 | D58: 2082.31 | E58: =C58*D58 -> 4164.62
A59: Horas Extras (100%) | B59: hora | C59: 7.33 | D59: =D58/220*2 -> 18.930091 | E59: =C59*D59 -> 138.75757 | G59: Excluir esta linha caso a contratação não tenha previsão de horas extras 100% explícita no edital
A60: Horas Extras (50%) | B60: hora | C60: 0 | D60: =D58/220*1.5 -> 14.197568 | E60: =C60*D60 -> 0 | G60: Excluir esta linha caso a contratação não tenha previsão de horas extras 50% explícita no edital
A61: Descanso Semanal Remunerado (DSR) - hora extra | B61: R$ | D61: =63/302*(SUM(E59:E60)) -> 28.946115 | E61: =D61 -> 28.946115 | G61: Excluir esta linha caso a contratação não tenha previsão de horas extras explícita no edital
A62: Adicional de Insalubridade | B62: % | C62: 40 | D62: =SUM(E58:E61) -> 4332.3237 | E62: =C62*D62/100 -> 1732.9295
A63: Beneficio Social Familiar | C63: 2 | D63: 25.52 | E63: =C63*D63 -> 51.04
A64: Soma | E64: =SUM(E58:E63) -> 6116.2932
A65: Encargos Sociais | B65: % | C65: 70.6 | D65: =E64 -> 6116.2932 | E65: =D65*C65/100 -> 4318.103
A66: Total por Coletor | E66: =E64+E65 -> 10434.396
A67: Total do Efetivo | B67: homem | C67: 2 | D67: =E66 -> 10434.396 | E67: =C67*D67 -> 20868.792
D68: Fator de utilização | E68: =$B$52 -> 1.1 | F68: =E67*E68 -> 22955.671
A70: 1.2. Coletor Turno Noite
A71: Discriminação | B71: Unidade | C71: Quantidade | D71: Custo unitário | E71: Subtotal | F71: Total (R$)
A72: Piso da categoria | B72: mês | C72: 0 | E72: =C72*D72 -> 0
A73: Adicional Noturno | B73: horas trabalhadas
B74: hora contabilizada | C74: =C73*8/7 -> 0 | E74: =C74*D74 -> 0
A75: Horas Extras (100%) | B75: hora | E75: =C75*D75 -> 0 | G75: Excluir esta linha caso a contratação não tenha previsão de horas extras 100% explícita no edital
A76: Horas Extras Noturnas (100%) | B76: horas trabalhadas | G76: Excluir esta linha caso a contratação não tenha previsão de horas extras noturnas 100% explícita no edital
B77: hora contabilizada | C77: =C76*8/7 -> 0 | E77: =C77*D77 -> 0 | G77: Excluir esta linha caso a contratação não tenha previsão de horas extras noturnas 100% explícita no edital
A78: Horas Extras (50%) | B78: hora | E78: =C78*D78 -> 0 | G78: Excluir esta linha caso a contratação não tenha previsão de horas extras 50% explícita no edital
A79: Horas Extras Noturnas (50%) | B79: horas trabalhadas | G79: Excluir esta linha caso a contratação não tenha previsão de horas extras noturnas 50% explícita no edital
B80: hora contabilizada | C80: =C79*8/7 -> 0 | E80: =C80*D80 -> 0 | G80: Excluir esta linha caso a contratação não tenha previsão de horas extras noturnas 50% explícita no edital
A81: Descanso Semanal Remunerado (DSR) - hora extra | B81: R$ | D81: =63/302*(SUM(E75:E80)) -> 0 | E81: =D81 -> 0 | G81: Excluir esta linha caso a contratação não tenha previsão de horas extras explícita no edital
A82: Adicional de Insalubridade | B82: % | C82: =+C62 -> 40 | D82: =SUM(E72:E81) -> 0 | E82: =C82*D82/100 -> 0
A83: Soma | E83: =SUM(E72:E82) -> 0
A84: Encargos Sociais | B84: % | C84: ='2.Encargos Sociais'!$C$37*100 -> 70.595952 | D84: =E83 -> 0 | E84: =D84*C84/100 -> 0
A85: Total por Coletor | E85: =E83+E84 -> 0
A86: Total do Efetivo | B86: homem | D86: =E85 -> 0 | E86: =C86*D86 -> 0
D87: Fator de utilização | E87: =$B$52 -> 1.1 | F87: =E86*E87 -> 0
A89: 1.3. Motorista Turno do Dia
A90: Discriminação | B90: Unidade | C90: Quantidade | D90: Custo unitário | E90: Subtotal | F90: Total (R$)
A91: Piso da categoria (2) | B91: mês | C91: 1 | D91: 2670.16 | E91: =C91*D91 -> 2670.16
A92: Salário Base Insalubridade (1) | B92: mês | C92: 1 | D92: 2670.16
A93: Horas Extras (100%) | B93: hora | C93: 7.33 | D93: =(D91/220)*2 -> 24.274182 | E93: =C93*D93 -> 177.92975 | G93: Excluir esta linha caso a contratação não tenha previsão de horas extras 100% explícita no edital
A94: Horas Extras (50%) | B94: hora | C94: 0 | D94: 0 | E94: =C94*D94 -> 0 | G94: Excluir esta linha caso a contratação não tenha previsão de horas extras 50% explícita no edital
A95: Descanso Semanal Remunerado (DSR) - hora extra | B95: R$ | D95: =63/302*(SUM(E93:E94)) -> 37.117796 | E95: =D95 -> 37.117796 | G95: Excluir esta linha caso a contratação não tenha previsão de horas extras explícita no edital
A96: Base de cálculo da Insalubridade | C96: 1
A97: Adicional de Insalubridade | B97: % | C97: 40 | D97: =D92*C97% -> 1068.064 | E97: =C97*D97/100 -> 427.2256
A98: Soma | E98: =SUM(E91:E97) -> 3312.4331
A99: Encargos Sociais | B99: % | C99: 70.6 | D99: =E98 -> 3312.4331 | E99: =D99*C99/100 -> 2338.5778
A100: Total por Motorista | E100: =E98+E99 -> 5651.011
A101: Total do Efetivo | B101: homem | C101: 1 | D101: =E100 -> 5651.011 | E101: =C101*D101 -> 5651.011
D102: Fator de utilização | E102: =$B$52 -> 1.1 | F102: =E101*E102-0.01 -> 6216.102
A104: 1.4. Prêmio Assiduidade Coletores
A105: Discriminação | B105: Unidade | C105: Quantidade | D105: Custo unitário | E105: Subtotal | F105: Total (R$)
A106: Prêmio Assiduidade Coletores | B106: Mês | C106: 2 | D106: 80 | E106: =D106*C106 -> 160
F107: =E106 -> 160
A109: 1.5. Vale Transporte
A110: Discriminação | B110: Unidade | C110: Quantidade | D110: Custo unitário | E110: Subtotal | F110: Total (R$)
A111: Vale Transporte | B111: R$ | C111: 0 | D111: 0
A112: Dias Trabalhados por mês | B112: dia | C112: 0
A113: Coletor | B113: vale | C113: 0 | D113: 0 | E113: 0
A114: Motorista | B114: vale | C114: 0 | D114: 0 | E114: 0
F115: =SUM(E113:E114) -> 0
A117: 1.6. Vale-refeição (diário)
A118: Discriminação | B118: Unidade | C118: Quantidade | D118: Custo unitário | E118: Subtotal | F118: Total (R$)
A119: =+A113 -> Coletor | B119: unidade | C119: 42 | D119: 27.15 | E119: =C119*D119 -> 1140.3
A120: Desconto 19% vale coletor | E120: =-E119*19% -> -216.657
A121: Vale liquido Coletor | E121: =SUM(E119:E120) -> 923.643
...

Sheet 2.Encargos Sociais
A7: 2. Composição dos Encargos Sociais
A8: Código | B8: Descrição | C8: Valor
A9: A1 | B9: INSS | C9: 0.2
A10: A2 | B10: SESI | C10: 0.015
A11: A3 | B11: SENAI | C11: 0.01
A12: A4 | B12: INCRA | C12: 0.002
A13: A5 | B13: SEBRAE | C13: 0.006
A14: A6 | B14: Salário educação | C14: 0.025
A15: A7 | B15: Seguro contra acidentes de trabalho | C15: 0.03
A16: A8 | B16: FGTS | C16: 0.08
A17: A | B17: SOMA GRUPO A | C17: =SUM(C9:C16) -> 0.368
A19: B1 | B19: Férias gozadas | C19: =ROUND(IF('3.CAGED'!C28>24,(1-12/'3.CAGED'!C28)*0.1111,0.1111-C28),4) -> 0.0619
A20: B2 | B20: 13º salário | C20: =ROUND('3.CAGED'!C32/'3.CAGED'!C29,4) -> 0.0833
A21: B3 | B21: Licença Paternidade | C21: 0.0006
A22: B4 | B22: Faltas justificadas | C22: 0.0082
A23: B5 | B23: Auxilio acidente de trabalho | C23: 0.0031
A24: B6 | B24: Auxilio doença | C24: 0.0166
A25: B | B25: SOMA GRUPO B | C25: =SUM(C19:C24) -> 0.1737
A27: C1 | B27: Aviso prévio indenizado | C27: =ROUND(('3.CAGED'!C33) *'3.CAGED'!C26/'3.CAGED'!C29,4) -> 0.0256
A28: C2 | B28: Férias indenizadas | C28: =ROUND(IF('3.CAGED'!C28>12,12/'3.CAGED'!C28*0.1111,0.1111),4) -> 0.0492
A29: C3 | B29: Férias indenizadas s/ aviso previo inden. | C29: =C27*C28 -> 0.00125952
A30: C4 | B30: Depósito rescisão sem justa causa | C30: =ROUND(('3.CAGED'!C29+'3.CAGED'!C30+'3.CAGED'!C32)/'3.CAGED'!C27*'3.CAGED'!C34*'3.CAGED'!C35*'3.CAGED'!C26/'3.CAGED'!C29,4) -> 0.0205
A31: C5 | B31: Indenização adicional | C31: =ROUND(('3.CAGED'!C31/'3.CAGED'!C29)*'3.CAGED'!C26/12,4) -> 0.0018
A32: C | B32: SOMA GRUPO C | C32: =SUM(C27:C31) -> 0.09835952
A34: D1 | B34: Reincidência de Grupo A sobre Grupo B | C34: =ROUND(C17*C25,4) -> 0.0639
A35: D2 | B35: Reincidência de FGTS sobre aviso prévio indenizado | C35: =ROUND((C27*C16),4) -> 0.002
A36: D | B36: SOMA GRUPO D | C36: =SUM(C34:C35) -> 0.0659
B37: SOMA (A+B+C+D) | C37: =C36+C32+C25+C17 -> 0.70595952

Sheet 3.CAGED
A1: CÁLCULO DAS VERBAS INDENIZATÓRIAS DOS EMPREGADOS NO SETOR DE COLETA DE RSU
A3: Tendo em vista que o CAGED foi descontinuado em janeiro de 2020, esta planilha foi atualizada até 31/12/2019.
B7: 3. CAGED
B8: Rio Grande do Sul - Coleta de Resíduos Não-Perigosos - CNAE 38114
B9: Admissões | C9: 2100
B10: Desligamentos | C10: 2031
B11: Dispensados com justa causa | C11: 44
B12: Dispensados sem justa causa | C12: 1192
B13: Espontâneos | C13: 372
B14: Fim de contrato por prazo determinado | C14: 22
B15: Término de contrato | C15: 350
B16: Aposentados | C16: 1
B17: Mortos | C17: 30
B18: Transferência de saída | C18: 0
B19: Acordo | C19: 0
B20: Indicadores
B21: Estoque recuperado início do Período 01-01-2019 | C21: 4625
B22: Estoque recuperado final do Período 31-12-2019 | C22: 4694
B23: Variação Emprego Absoluta de 01-01-2019 a 31-12-2019 | C23: =C9-C10 -> 69
B25: Estoque Médio | C25: =MEDIAN(C21,C22) -> 4659.5
B26: % Demitidos s/ Justa Causa em relação ao Estoque Médio | C26: =C12/C25 -> 0.25582144
B27: Taxa de Rotatividade | C27: =MEDIAN(C9,C10)/C25 -> 0.44328791
B28: Rotatividade temporal (meses) | C28: =12/C27 -> 27.070443
B29: Dias ano | C29: 360
B30: 1/3 de férias (dias) | C30: 10
B31: Férias (dias) | C31: 30
B32: 13º Salário (dias) | C32: 30
B33: Dias de Aviso prévio | C33: =30+(3*TRUNC(1/C27)) -> 36
B34: FGTS | C34: 0.08
B35: Multa FGTS | C35: 0.4

Sheet 4.BDI
A8: 4. Composição do BDI - Benefícios e Despesas Indiretas
D10: Referência estudo TCE
D11: 1° Quartil | E11: Médio | F11: 3° Quartil
A12: Administração Central | B12: AC | C12: 0.025 | D12: 0.0297 | E12: 0.0508 | F12: 0.0627
A13: Seguros/Riscos/Garantias | B13: SRG | C13: 0.01 | D13: =0.3%+0.56% -> 0.0086 | E13: =0.48%+0.85% -> 0.0133 | F13: =0.82%+0.89% -> 0.0171
A14: Lucro | B14: L | C14: 0.1085 | D14: 0.0778 | E14: 0.1085 | F14: 0.1355
A15: Despesas Financeiras | B15: DF | C15: 0.0228 | D15: 0.15 | E15: 0.15 | F15: 0.15
A16: Tributos - ISS | B16: T | C16: 0.03 | D16: DU | E16: 0
A17: Tributos - PIS/COFINS | C17: 0.0365
A18: Fórmula para o cálculo do BDI:
A19: {[(1+AC+SRG) x (1+L) x (1+DF)] / (1-T)} -1
A20: Resultado do cálculo do BDI: | C20: =ROUND((((1+C12+C13)*(1+C14)*(1+C15))/(1-(C16+C17))-1),4) -> 0.257 | D20: 0.2143 | E20: 0.2717 | F20: 0.3362

Sheet 5. Depreciação
A1: 5. Depreciação Referencial TCE/RS (%)
A2: Idade do veículo (ano) | B2: Depreciação Média
A3: 1 | B3: 33.63
A4: 2 | B4: 43.13
A5: 3 | B5: 48.68
A6: 4 | B6: 52.62
A7: 5 | B7: 55.68
A8: 6 | B8: 58.18
A9: 7 | B9: 60.29
A10: 8 | B10: 62.12
A11: 9 | B11: 63.73
A12: 10 | B12: 65.18
A13: 11 | B13: 66.48
A14: 12 | B14: 67.67
... A17: 15 | B17: 70.73

Sheet 6.Remuneração de capital
A1: 6. Remuneração de Capital
A3: Fórmula de cálculo da remuneração de capital:
A12: Jm = remuneração de capital mensal
A13: i = taxa de juros do mercado (sugere-se adotar a taxa SELIC)
A14: Im = investimento médio
A15: V0 = valor inicial do bem
A16: Vr = valor residual do bem
A17: n = vida útil do bem em anos

Sheet 7. Dimensionamento
A1: Orientações para preenchimento:
A2: 1. Esta planilha é somente um modelo de cálculo expedito e deve ser ajustada conforme cada caso concreto.
A3: 2. Dimensionar separadamente setores atendidos por veículos de capacidade de carga diferentes.
A4: 3. Preencher somente células em amarelo
A6: O TCE/RS não se responsabiliza pelo uso incorreto desta planilha.
A7: O orçamento deve ser realizado por responsável técnico habilitado e é de responsabilidade do seu autor.
A9: 7. Dimensionamento da frota
A11: Indicador | B11: Unid | C11: Valor
A12: População (H) | B12: hab
A13: Geração per capita (G) | B13: Kg/hab.dia | C13: =0.0362741*C12^0.2336249 -> 0
A14: Geração total diária (Qd) | B14: ton/dia | C14: =C12*C13/1000 -> 0
A15: Geração Mensal | B15: ton | C15: =(C14*30) -> 0
A16: Número de dias de coleta por semana (Dc) | B16: dia
A17: Quantitativo diário de coleta (Qc) | B17: ton/dia | C17: =IFERROR(C14*7/C16,0) -> 0
A18: Densidade RSU compactado | B18: Kg/m³ | C18: 500
A19: Tipo de Veículo (1 = toco, 2 = truck)
A20: Capacidade do Compactador | B20: m³
A21: Capacidade nominal de carga (Cc) | B21: ton | C21: =IF(AND(C20>=15,C19=1),5.8,C20/2) -> 0
A22: Número de Cargas por dia (Nc) | C22: =IFERROR(C17/C21,0) -> 0
A23: Número total de percursos de coleta por veículo, por dia (Np)
A24: Número de veículos da Frota (F) | C24: =IFERROR(C22/C23,0) -> 0
